 Dungeon Crawl Stone Soup version 0.26-a0-631-ged93497179 (webtiles) character file.

Game seed: 3670131142021639076

509 Drevant2 the Slinger (level 7, -3/51 HPs)
             Began as a Formicid Hunter on Sept 13, 2020.
             Shot with an arrow by a centaur (15 damage)
             ... on level 4 of the Dungeon.
             The game lasted 00:08:03 (4363 turns).

Drevant2 the Slinger (Formicid Hunter)              Turns: 4363, Time: 00:08:04

Health: -3/51      AC:  3    Str: 16    XL:     7   Next: 42%
Magic:  7/7        EV: 12    Int: 11    God:
Gold:   195        SH:  0    Dex: 13    Spells: 6/6 levels left

rFire    . . .     SeeInvis +   l - +0 hunting sling
rCold    . . .     Faith    .   (no shield)
rNeg     . . .     Spirit   .   c - +0 leather armour
rPois    .         Reflect  .   (helmet unavailable)
rElec    .         Harm     .   (no cloak)
rCorr    .         Rampage  .   (no gloves)
MR       .....                  (no boots)
Stlth    +.........             (no amulet)
HPRegen  0.17/turn              (no ring)
MPRegen  0.10/turn              (no ring)

@: no status effects
A: permanent stasis, dig shafts and tunnels, four strong arms, antennae 3
a: Dig, Shaft Self


You were on level 4 of the Dungeon.
You visited 1 branch of the dungeon, and saw 4 of its levels.

You collected 195 gold pieces.

Inventory:

Hand Weapons
 a - a +1 hunting sling
 b - a +0 short sword
 l - a +0 hunting sling (weapon)
 m - a +0 falchion
Missiles
 d - 3 sling bullets (quivered)
 e - 45 stones
Armour
 c - a +0 leather armour (worn)
Wands
 u - a wand of polymorph (8)
Scrolls
 h - 2 scrolls of immolation {unknown}
 i - 2 scrolls of remove curse {unknown}
 j - a scroll of fear {unknown}
 k - 5 scrolls of identify {unknown}
 o - a scroll of enchant weapon {unknown}
 p - 2 scrolls of noise {unknown}
 q - a scroll of teleportation {unknown}
 s - a scroll of enchant armour {unknown}
 t - 2 scrolls of blinking {unknown}
Potions
 f - 2 potions of might
 g - a potion of resistance
 n - a potion of magic {unknown}
 r - a potion of brilliance {unknown}
 v - a potion of mutation {unknown}


   Skills:
 - Level 2.8 Fighting
 * Level 8.8 Slings
 - Level 1.3 Armour
 - Level 2.0 Dodging
 - Level 1.2 Stealth


You had 6 spell levels left.
You didn't know any spells.
Your spell library was empty.

Dungeon Overview and Level Annotations

Branches:
Dungeon (4/15)
 Temple: D:4-7

Altars:
Fedhas
The Shining One

Annotations:
D:4 Eustachio


Innate Abilities, Weirdness & Mutations

You cannot be hasted, slowed, berserked, paralysed or teleported.
You can dig through walls and to a lower floor.
Your four strong arms can wield two-handed weapons with a shield.
You have a pair of large antennae on your head. (SInv)


Message History

The centaur wields a +0 shortbow.
The centaur shoots an arrow.
The arrow hits you.
You see here an arrow.
You shoot a sling bullet.
The sling bullet barely misses the centaur.
The centaur shoots an arrow.
The arrow misses you.
You shoot a sling bullet. The sling bullet hits the centaur.
The centaur is lightly wounded.
The centaur shoots an arrow.
The arrow hits you!
You shoot a sling bullet.
The sling bullet hits the centaur but does no damage.
The centaur is lightly wounded.
The centaur shoots an arrow.
The arrow hits you but does no damage.
The centaur shoots an arrow.
The arrow hits you but does no damage.
The centaur shoots an arrow.
The arrow hits you!
You see here 2 arrows.
The centaur shoots an arrow.
The arrow hits you!
* * * LOW HITPOINT WARNING * * *
The centaur shoots an arrow.
The arrow hits you!
You die...

.#########..#.#. # ...#.#.# #
#....#.# # #########..#...#
.# # #(.....##..#.#.# .#.#
#(.....##..#.#.# .#.#
#(.((..##..#.#.# .#.# #
#......##....#.#+##.#.#
....###....)@##...#.......#.#
....'.'....).)c...#.......#.#
....###......###..#......##.#
.. #......# #..#......'..#
##########..#......####
#............##### #
#.##########.# #
#.###....[.#รท### #
#.##..........[# #


You could see a centaur.

Vanquished Creatures
  A sky beast (D:4)
  An ogre (D:4)
  2 orc priests (D:3)
  3 orc wizards
  A worker ant (D:3)
  Robin (D:2)
  4 adders
  3 worms
  2 dart slugs
  2 leopard geckos
  16 orcs
  3 giant cockroaches
  12 hobgoblins
  6 jackals
  5 kobolds
  3 quokkas (D:2)
  A ball python (D:2)
  9 bats
  6 frilled lizards
  12 goblins
  A quokka skeleton (D:4)
  4 rats
98 creatures vanquished.

Notes
Turn   | Place    | Note
-------+----------+-------------------------------------------
     0 | D:1      | Drevant2 the Formicid Hunter began the quest for the Orb.
     0 | D:1      | Reached XP level 1. HP: 16/16 MP: 1/1
    36 | D:1      | Reached XP level 2. HP: 22/22 MP: 2/2
   318 | D:1      | Reached skill level 5 in Slings
   579 | D:1      | Reached XP level 3. HP: 25/27 MP: 3/3
  1122 | D:2      | Noticed Robin
  1130 | D:2      | Killed Robin
  1130 | D:2      | Reached XP level 4. HP: 31/34 MP: 4/4
  1165 | D:1      | Reached skill level 1 in Armour
  1496 | D:2      | Reached skill level 6 in Slings
  1658 | D:2      | Reached XP level 5. HP: 39/39 MP: 5/5
  2496 | D:3      | Found a glowing golden altar of the Shining One.
  2717 | D:3      | Reached skill level 7 in Slings
  2717 | D:3      | Reached XP level 6. HP: 31/46 MP: 6/6
  3452 | D:4      | Found a blossoming altar of Fedhas.
  3452 | D:4      | Noticed Eustachio
  3628 | D:4      | Noticed an ogre
  3819 | D:4      | Killed an ogre
  3819 | D:4      | Reached skill level 8 in Slings
  3819 | D:4      | Reached XP level 7. HP: 51/51 MP: 7/7
  4363 | D:4      | Shot with an arrow by a centaur

Illustrated notes

Levels and vault maps discovered:
D:1:      dpeg_arrival_ternary, layout_basic, minmay_misc_feat_chi
D:2:      layout_rooms, uniq_robin
D:3:      layout_rooms, tso_metal_star, serial_curves, eino_curves_01,
          eino_curves_02, eino_curves_01
D:4:      layout_basic, fedhas_bush_and_centaur_altar, uniq_eustachio

Skill      XL: |  1  2  3  4  5  6 |
---------------+-------------------+-----
Slings         | 5 6 7 8 |  8.8
Armour         | 1 |  1.3
Dodging        | 2 |  2.0
Fighting       | |  2.8
Stealth        | |  1.2

Action                   |  1- 3 |  4- 6 |  7- 9 || total
-------------------------+-------+-------+-------++-------
 Fire: Hunting sling     |    87 |   224 |    47 ||   358
  Use: Potion            |       |     4 |       ||     4
Armor: Leather armour    |     6 |     9 |     3 ||    18
Dodge: Dodged            |    15 |    57 |     7 ||    79

Table legend: (Time is in decaauts)
 A = Elapsed time spent in this place.
 B = Non-inter-level travel time spent in this place.
 C = Inter-level travel time spent in this place.
 D = Time resting spent in this place.
 E = Time spent auto-exploring this place.
 F = Levels seen in this place.
 G = Mean time per level.
                   A        B        C        D        E       F      G
               +--------+--------+--------+--------+--------+-----+--------+
         Total |   4318 |   4017 |    301 |   1135 |   2134 |   4 | 1079.5 |
       Dungeon |   4318 |   4017 |    301 |   1135 |   2134 |   4 | 1079.5 |
               +--------+--------+--------+--------+--------+-----+--------+

Top non-repeatable levels by time:
     D:3: 1721 daAuts
     D:1: 1024 daAuts
     D:4: 828 daAuts
     D:2: 743 daAuts
